 Dungeon Crawl Stone Soup version 0.18.1-48-g4cf74bf (webtiles) character file.

61 spacecwb the Ducker (level 3, -2/28 HPs)
             Began as a Demonspawn Gladiator on Aug 8, 2016.
             Killed from afar by Natasha (4 damage)
             ... with a magic dart
             ... on level 2 of the Dungeon.
             The game lasted 00:04:45 (1811 turns).

spacecwb the Ducker (Demonspawn Gladiator)          Turns: 1811, Time: 00:04:46

Health: -2/28      AC:  8    Str: 16    XL:     3   Next: 83%
Magic:  3/3        EV: 12    Int: 14    God:
Gold:   64         SH:  0    Dex: 13    Spells: 0 memorised, 2 levels left

rFire  . . .     SeeInvis .     e - +0 whip
rCold  . . .     Gourm    .     q - +1 ring mail
rNeg   . . .     Faith    .     (no shield)
rPois  .         Spirit   .     c - +0 helmet
rElec  .         Dismiss  .     (no cloak)
rCorr  .         Reflect  .     (no gloves)
SustAt .         Harm     .     (no boots)
MR     .....     Rnd*Tele +     (no amulet)
Stlth  +.........               (no ring)
                                o - ring of teleportation (curse)

@: brilliant, flying, slowed, very slow, not resistant to hostile enchantments,
very unstealthy
A: molten scales 1, rot immunity
a: no special abilities


You were on level 2 of the Dungeon.
You were hungry.

You visited 1 branch of the dungeon, and saw 2 of its levels.

You collected 64 gold pieces.

Inventory:

Hand Weapons
 a - a +0 long sword
 e - a +0 whip (weapon)
Missiles
 d - 3 throwing nets (quivered)
Armour
 b - a +0 leather armour
 c - a +0 helmet (worn)
 q - a +1 ring mail (worn)
Jewellery
 o - a cursed ring of teleportation (left hand)
Scrolls
 g - 5 scrolls of fear
Potions
 j - a potion of brilliance
Comestibles
 f - 2 bread rations
 i - a meat ration


   Skills:
 + Level 2.4 Fighting
 + Level 3.3 Long Blades
 + Level 1.8 Throwing
 + Level 0.3 Armour
 + Level 3.4 Dodging
 + Level 0.2 Stealth


You had 2 spell levels left.
You didn't know any spells.

Dungeon Overview and Level Annotations

Branches:
Dungeon (2/15)

Altars:

Annotations:
D:2 Natasha


Innate Abilities, Weirdness & Mutations

You are partially covered in molten scales (AC +1).
You are immune to rotting.


Message History

The bat hits you but does no damage. The shadow imp hits you.
The bat hits you but does no damage. Natasha closely misses you.
The shadow imp hits you.
You closely miss the shadow imp. The bat closely misses you.
The bat barely misses you. Natasha barely misses you.
The shadow imp gestures at you.
You barely resist. Natasha claws you but does no damage.
You closely miss the shadow imp. The bat misses you.
The bat completely misses you. The shadow imp hits you.
* * * LOW HITPOINT WARNING * * *
Natasha barely misses you. The shadow imp hits you.
* * * LOW HITPOINT WARNING * * *
Natasha claws you.
* * * LOW HITPOINT WARNING * * *
You hit the bat.
The bat is moderately wounded.
The bat closely misses you. The shadow imp barely misses you.
Natasha casts a spell at you. The magic dart hits you!
You die...

.........####(..#.# ##
................#.# ###.
...#####..####..#.# #... ....##
#..........# ##.#.
.#...###.##.......# ########..#.
.##....#.##...###.## #......).##.
..##.....##...# #..###.######....
#......#.########....#...........
#....#.#.....#..@5......#####..##
##.............h#....##...###.##
######.......b......####..#.....
#####.).........# #.......
###.........>.###....#...
##.............#...#......
....##................##... ..###
##..........##### ... #...
.........#........###...


You could see Natasha, a shadow imp and a bat.

Vanquished Creatures
  Natasha (D:2)
  An adder (D:2)
  2 dart slugs (D:2)
  A giant gecko (D:1)
  4 bats
  4 hobgoblins
  3 kobolds (D:1)
  2 giant newts (D:1)
  5 rats
23 creatures vanquished.

Vanquished Creatures (others)
  5 toadstools (D:1)
5 creatures vanquished.

Grand Total: 28 creatures vanquished

Notes
Turn   | Place    | Note
--------------------------------------------------------------
     0 | D:1      | spacecwb the Demonspawn Gladiator began the quest for the Orb.
     0 | D:1      | Reached XP level 1. HP: 16/16 MP: 1/1
   341 | D:1      | Gained mutation: You are immune to rotting. [demonic ancestry]
   341 | D:1      | Reached XP level 2. HP: 22/22 MP: 2/2
   909 | D:2      | Found a faded altar to an unknown god.
  1031 | D:2      | Noticed Natasha
  1047 | D:2      | HP: 1/22 [Natasha (2)]
  1049 | D:2      | Killed Natasha
  1049 | D:2      | Gained mutation: You are partially covered in molten scales (AC +1). [demonic ancestry]
  1049 | D:2      | Reached XP level 3. HP: 2/27 MP: 3/3
  1783 | D:2      | Noticed Natasha
  1811 | D:2      | Killed from afar by Natasha

Skill      XL: |  1  2 |
---------------+-------+-----
Long Blades    | 3 |  3.3
Dodging        | 3 |  3.4
Fighting       | |  2.4
Throwing       | |  1.8
Armour         | |  0.3
Stealth        | |  0.2

Action                   || total
-------------------------++-------
Melee: Long sword        ||    90
       Whip              ||    24
  Use: Potion            ||     5
       Scroll            ||     4
 Stab: Sleeping          ||     1
  Eat: Chunk             ||     2
Armor: Leather armour    ||    30
       Ring mail         ||    42
Dodge: Dodged            ||   139
